 Dungeon Crawl Stone Soup version 0.32-a0-473-gd044c6f0f0 (webtiles) character file.

Game seed: 2901844108560474645

47 jestert79 the Charlatan (level 3, -3/26 HPs)
             Began as a Coglin Artificer on Feb 25, 2024.
             Was a Follower of Vehumet.
             Slain by a gnoll
             ... wielding a +0 spear
              (5 damage)
             ... on level 2 of the Dungeon.
             The game lasted 00:02:37 (1116 turns).

jestert79 the Charlatan (Coglin Artificer)          Turns: 1116, Time: 00:02:37

Health: -3/26      AC:  3    Str: 14    XL:     3   Next: 70%
Magic:  3/3        EV: 11    Int: 10    God:    Vehumet [*.....]
Gold:   84         SH:  0    Dex: 14    Spells: 1/2 levels left

rFire   . . .        k - +0 whip {Jasleen}
rCold   . . .        i - +0 short sword {Kannika}
rNeg    . . .        b - +0 leather armour
rPois   .            (no helmet)
rElec   .            (no cloak)
rCorr   .            (no gloves)
SInv    .            (no boots)
Will    .....        (no amulet)
Stlth   +            (ring unavailable)
HPRegen 0.24/turn    (ring unavailable)
MPRegen 0.08/turn

%: no passive effects
@: revved
A: off-hand wielding, slow wielding, warmup strikes, no rings
a: Renounce Religion


You were on level 2 of the Dungeon.
You worshipped Vehumet.
Vehumet was aware of your devotion.
You visited 1 branch of the dungeon, and saw 2 of its levels.

You collected 84 gold pieces.

Inventory:

Hand Weapons
 a - a +0 club {Shu}
 i - a +0 short sword (offhand) {Kannika}
 k - a +0 whip (weapon) {Jasleen}
Armour
 b - a +0 leather armour (worn)
Wands
 c - a wand of flame (15) (quivered)
 d - a wand of charming (15)
 e - a wand of iceblast (5)
Scrolls
 f - a scroll of revelation {unknown}
 h - a scroll of immolation {unknown}
 l - 2 scrolls of identify {unknown}
Potions
 g - a potion of curing {unknown}
 j - 2 potions of resistance {unknown}
 m - a potion of ambrosia {unknown}


   Skills:
 - Level 1.0 Fighting
 + Level 2.9 Maces & Flails
 - Level 1.7 Armour
 - Level 0.8 Dodging
 - Level 0.7 Stealth
 - Level 4.0 Evocations


You had one spell level left.
You knew the following spells:

 Your Spells              Type           Power      Damage    Failure   Level
a - Sandblast             Erth           0%         2d4       43%         1

Your spell library contained the following spells:

 Spells                   Type           Power      Damage    Failure   Level
 Inner Flame              Hex/Fire       0%         N/A       80%         3
 Flame Wave               Conj/Fire      0%         2d4       99%         4
 Sticky Flame             Fire/Alch      0%         2d4       99%         4


Dungeon Overview and Level Annotations

Branches:
Dungeon (2/15)

Altars:
Vehumet

Shops:
D:1 [


Innate Abilities, Weirdness & Mutations

You can wield a second weapon in your off-hand.
It takes a long time for you to wield or remove held weapons.
Your first few attacks do less damage.
Your grasper-arms cannot wear rings.


Message History

The rat squeaks loudly.
The rat bites you but does no damage.
You hit the rat with your +0 short sword.
The rat is moderately wounded.
You hit the rat with your +0 whip.
You kill the rat!
Vehumet accepts your kill.
No target in view!
No target in view! 2 gnolls come into view.
The gnoll shouts!
You hear a shout!
You hear a bark!
There are monsters nearby!
There are monsters nearby!
There are monsters nearby!
A gnoll comes into view. It is wielding a +0 club.
A gnoll comes into view. It is wielding a +0 spear.
You closely miss the gnoll with your +0 short sword.
You closely miss the gnoll with your +0 whip.
A jackal comes into view.
The gnoll closely misses you.
You barely miss the gnoll with your +0 whip.
You hit the gnoll with your +0 short sword.
The gnoll hits you from afar with a +0 spear.
The gnoll misses you.
You barely miss the gnoll with your +0 short sword.
The gnoll is moderately wounded.
You barely miss the gnoll with your +0 whip.
The gnoll hits you with a +0 club.
The gnoll hits you from afar with a +0 spear!
You barely miss the gnoll with your +0 whip.
The gnoll is moderately wounded.
You hit the gnoll with your +0 short sword.
The gnoll hits you with a +0 club.
The gnoll hits you from afar with a +0 spear.
* * * LOW HITPOINT WARNING * * *
You hit the gnoll with your +0 whip.
The gnoll is severely wounded.
You closely miss the gnoll with your +0 short sword.
The gnoll hits you from afar with a +0 spear.
You die...

############ ####
#..........####...
#@####..##.#.##.##
#g# #..........#
#g# #.###.....##
#g# #.###....## #
#g# #.....#.## #
#h# #######.# #
#.# #.# # #.# #+#
# #


You could see 4 gnolls and a jackal.

Vanquished Creatures
  An adder (D:2)
  A dart slug (D:1)
  A ribbon worm (D:2)
  An orc (D:2)
  2 ball pythons (D:1)
  7 endoplasms
  2 giant cockroaches (D:1)
  3 goblins (D:1)
  2 hobgoblins
  A quokka (D:1)
  5 bats
  A frilled lizard (D:1)
  3 kobolds
  3 rats
33 creatures vanquished.

Notes
Turn   | Place    | Note
-------+----------+-------------------------------------------
     0 | D:1      | jestert79 the Coglin Artificer began the quest for the Orb.
     0 | D:1      | Reached XP level 1. HP: 15/15 MP: 1/1
    33 | D:1      | Found Testiq's Armour Shop.
    66 | D:1      | Reached skill level 1 in Maces & Flails
   115 | D:1      | Found a faded altar of an unknown god.
   123 | D:1      | Reached XP level 2. HP: 21/21 MP: 2/2
   131 | D:1      | Prayed at the altar of an unknown god.
   131 | D:1      | Became a worshipper of Vehumet
   131 | D:1      | Reached * piety under Vehumet
   131 | D:1      | Offered knowledge of Sandblast by Vehumet.
   212 | D:1      | Learned a level 1 spell: Sandblast
   474 | D:1      | Reached XP level 3. HP: 25/26 MP: 3/3
  1116 | D:2      | Slain by a gnoll

Illustrated notes

Levels and vault maps discovered:
D:1:      doesnt_arrival_eight_statues, layout_loops_ring,
          shapermc_ecumenical_altar_totnotflames, serial_shops, shop,
          roderic_roman_lattice, minmay_circled_x
D:2:      layout_loops_corners, nicolae_concentric_dashed_squares_wild,
          minmay_indecisive_spiral

Skill      XL: |  1  2 |
---------------+-------+-----
Maces & Flails | 1 2 |  2.9
Fighting       | |  1.0
Armour         | |  1.7
Dodging        | |  0.8
Stealth        | |  0.7
Evocations     | |  4.0

Action                     || total
---------------------------++-------
  Melee: Quarterstaff      ||    10
         Club              ||    51
         Short sword       ||    60
         Whip              ||    32
   Stab: Sleeping          ||     3
 Armour: Leather armour    ||    45
  Dodge: Dodged            ||    62

Table legend: (Time is in decaauts)
 A = Elapsed time spent in this place.
 B = Non-inter-level travel time spent in this place.
 C = Inter-level travel time spent in this place.
 D = Time resting spent in this place.
 E = Time spent auto-exploring this place.
 F = Levels seen in this place.
 G = Mean time per level.
                   A        B        C        D        E       F      G
               +--------+--------+--------+--------+--------+-----+--------+
         Total |   1126 |   1117 |      9 |      0 |    773 |   2 |  563.0 |
       Dungeon |   1126 |   1117 |      9 |      0 |    773 |   2 |  563.0 |
               +--------+--------+--------+--------+--------+-----+--------+

Top non-repeatable levels by time:
     D:1: 912 daAuts
     D:2: 214 daAuts
